AoeStats
← CreepyOdin1736

Arena

510765690Analyzed
1v1 RM · 1d ago on Oct 2, 2026· 42m 33s· 2 players
Game mode
Random Map
Map size
Tiny (2 player)
Population
200
Speed
Normal
Resources
Standard
Victory
Conquest
Starting age
Dark Age
Ending age
Imperial Age
RankedLock teamsTeams togetherTeam positionsShared explorationLock speedFull tech treeHidden civsTurbo modeCheats
Victory
Defeat
🇪🇸 Turks · Spain
792
+27
🇧🇷 Italians · Brazil
758
-14
Robert
9:31 Feudal Age
13:42 Castle Age
12:16 Double-Bit Axe
16:13 Fervor
16:47 Fletching
18:40 Elite Skirmisher
23:04 Horse Collar
25:54 Heavy Plow
26:06 Bow Saw
25:57 Gold Mining
26:46 Padded Archer Armor
27:48 Ballistics
28:13 Stone Mining
33:15 Bodkin Arrow
33:36 Leather Archer Armor
38:11 Imperial Age
36:36 Thumb Ring
38:59 Bracer
39:43 Ring Archer Armor
40:17 Chemistry
CreepyOdin1736
10:05 Feudal Age
14:28 Castle Age
12:44 Double-Bit Axe
13:00 Horse Collar
20:31 Heavy Plow
23:31 Wheelbarrow
28:53 Imperial Age
27:33 Bow Saw
30:11 Hand Cart
30:26 Gold Mining
33:14 Fletching
33:24 Padded Archer Armor
34:00 Town Watch
35:21 Bodkin Arrow
35:42 Leather Archer Armor
35:51 Ballistics
36:29 Gold Shaft Mining
36:17 Murder Holes
37:15 Conscription
38:15 Two-Man Saw
37:14 Stone Mining
38:32 Guilds
39:00 Bloodlines
38:51 Husbandry
39:07 Masonry
39:15 Bracer
39:45 Ring Archer Armor
39:23 Scale Barding Armor
39:14 Elite Janissary
39:43 Treadmill Crane
Connection lost

Rejoining the realm…

Still unreachable

The connection could not be restored.

Session expired

The server has moved on; the page needs a fresh start.